 Dungeon Crawl Stone Soup version 0.17-a0-2030-g9ce824c (webtiles) character file.

39 Ordine the Skirmisher (level 3, -5/27 HPs)
             Began as an Octopode Fighter on Oct 10, 2015.
             Killed from afar by Terence (8 damage)
             ... with a wand of frost
             ... on level 2 of the Dungeon on Oct 11, 2015.
             The game lasted 00:03:14 (1799 turns).

Ordine the Skirmisher (Octopode Fighter)            Turns: 1799, Time: 00:03:16

Health: -5/27      AC:  1    Str: 15    XL:     3   Next: 45%
Magic:  3/3        EV: 10    Int: 10    God:
Gold:   62         SH:  8    Dex: 12    Spells: 0 memorised, 2 levels left

rFire  . . .     SeeInvis .     a - +0 long sword
rCold  . . .     Clarity  .     b - +0 shield
rNeg   . . .     SustAt   .     (helmet restricted)
rPois  .         Gourm    .     (no amulet)
rElec  .         Spirit   .     (no ring)
rCorr  .         Warding  .     (no ring)
rMut   .         Stasis   .     (no ring)
MR     .....                    (no ring)
Stlth  ++........               (no ring)
                                (no ring)
                                (no ring)
                                (no ring)

@: not resistant to hostile enchantments, unstealthy
A: almost no armour, amphibious, 8 rings, constrict 8, camouflage 1, gelatinous
body 1
a: no special abilities


You were on level 2 of the Dungeon.
You were hungry.

You visited 1 branch of the dungeon, and saw 2 of its levels.

You collected 62 gold pieces.

Inventory:

Hand Weapons
 a - a +0 long sword (weapon)
Missiles
 i - 54 stones (quivered)
Armour
 b - a +0 shield (worn)
Scrolls
 e - a scroll of blinking {unknown}
 f - 2 scrolls of identify {unknown}
 g - 2 scrolls of fear {unknown}
 h - a scroll of teleportation {unknown}
 j - 2 scrolls of remove curse {unknown}
 k - a scroll of immolation {unknown}
Potions
 c - a potion of might
 m - a potion of agility {unknown}
 n - a potion of cancellation {unknown}
Comestibles
 d - a bread ration
 l - 2 beef jerkies
 o - a meat ration


   Skills:
 + Level 3.9 Fighting
 + Level 2.7 Long Blades
 - Level 3.0 Dodging
 - Level 3.0 Shields


You had 2 spell levels left.
You didn't know any spells.

Dungeon Overview and Level Annotations

Branches:
Dungeon (2/15)

Altars:
Fedhas

Annotations:
D:2 Terence


Innate Abilities, Weirdness & Mutations

You cannot wear most types of armour.
You are amphibious.
You can wear up to eight rings at the same time.
You can use your tentacles to constrict eight enemies at once.
Your skin changes colour to match your surroundings (Stealth).
Your rubbery body absorbs attacks (AC +1).


Message History

Terence the Incautious comes into view.
He is wielding a mace.
Terence shouts!
Terence zaps a wand.
The puff of frost misses you.
It is a wand of frost.
Your shield prevents you from hitting Terence.
You grab Terence. You squeeze Terence, but do no damage.
You constrict Terence, but do no damage.
Terence zaps a wand.
The puff of frost hits you!
You hit Terence but do no damage.
You constrict Terence, but do no damage.
Terence hits you but does no damage.
Your shield prevents you from hitting Terence.
You constrict Terence, but do no damage.
Terence zaps a wand.
The puff of frost misses you.
You hit Terence but do no damage. You squeeze Terence.
Terence is moderately wounded.
You constrict Terence, but do no damage.
Terence zaps a wand.
The puff of frost hits you!
* * * LOW HITPOINT WARNING * * *
Terence zaps a wand.
The puff of frost hits you!
You die...

#...##.#######............†....##
...............###.###.........'.
#...##.#######.# #.# #.........##
##.###.# #.###+###........## ####
#.# ##...'_'...#.....## .#####.#
#..#######.#....## .......# #..#
### #.#.#+## .#######
#..#######.#.# .# #...@@.....# .#
#...#....... .# ##.######... .#
#.. .. ## ###


You could see Terence.

Vanquished Creatures
  An adder (D:2)
  A giant cockroach (D:1)
  A hobgoblin (D:1)
  3 kobolds
  7 bats
  3 giant newts
  6 goblins
  A quokka (D:2)
  5 rats
28 creatures vanquished.

Notes
Turn   | Place    | Note
--------------------------------------------------------------
     0 | D:1      | Ordine the Octopode Fighter began the quest for the Orb.
     0 | D:1      | Reached XP level 1. HP: 16/16 MP: 1/1
   259 | D:1      | Reached XP level 2. HP: 21/21 MP: 2/2
  1163 | D:2      | Reached XP level 3. HP: 14/27 MP: 3/3
  1782 | D:2      | Found a blossoming altar of Fedhas.
  1792 | D:2      | Noticed Terence
  1799 | D:2      | Killed from afar by Terence

Vault maps used:
D:1:      tarquinn_simple_flora_water_f, hangedman_glass_teeth,
          minmay_misc_feat_cross
D:2:      lemuel_doored_altar, uniq_terence, uniq_iyjb

Action                   || total
-------------------------++-------
Melee: Long sword        ||    57
Throw: Stone             ||     4
 Stab: Sleeping          ||     5
  Eat: Chunk             ||     2
